AoeStats
← The Chinese are all stupid

Black Forest

509135601Analyzed
4v4 RM · 5d ago on Sep 25, 2026· 38m 19s· 8 players
Game mode
Random Map
Map size
Large (8 player)
Population
200
Speed
Normal
Resources
Standard
Victory
Conquest
Starting age
Dark Age
Ending age
Imperial Age
RankedLock teamsTeams togetherTeam positionsShared explorationLock speedFull tech treeHidden civsTurbo modeCheats
Victory
Defeat
🇨🇳 Bohemians · China
1397
+17
🇺🇸 Japanese · United States
1370
+18
🇳🇴 Danes · Norway
1340
+19
🇨🇳 Varangians · China
1324
+20
🇩🇪 Bohemians · Germany
1432
-19
🇳🇴 Japanese · Norway
1416
-19
🇩🇪 Gurjaras · Germany
1411
-18
🇺🇸 Slavs · United States
1408
-18
默默发育
0:48 Loom
12:08 Feudal Age
14:20 Double-Bit Axe
15:19 Horse Collar
18:55 Castle Age
24:14 Wheelbarrow
24:42 Bow Saw
24:44 Fishing Lines
26:08 Hand Cart
26:54 Heavy Plow
31:53 Imperial Age
30:45 Forging
30:40 Scale Barding Armor
30:53 Vendel Legacy
32:12 Iron Casting
32:28 Bloodlines
32:18 Gold Mining
32:17 Town Watch
31:59 Cavalier
33:15 Chain Barding Armor
33:09 Husbandry
34:50 Blast Furnace
35:30 Plate Barding Armor
35:53 Conscription
ManWithScarf
0:46 Loom
12:32 Feudal Age
16:39 Castle Age
14:58 Double-Bit Axe
14:56 Horse Collar
16:27 Man-at-Arms
25:18 Squires
26:54 Wheelbarrow
26:04 Town Watch
29:10 Forging
29:01 Scale Mail Armor
30:59 Bow Saw
32:46 Hand Cart
33:00 Chain Mail Armor
33:21 Iron Casting
33:01 Arson
32:43 Long Swordsman
33:08 Gambesons
37:30 Imperial Age
34:56 Gold Mining
37:53 Onager
38:15 Northmen's Fury
精锐磁暴步兵
11:40 Feudal Age
12:09 Double-Bit Axe
12:08 Fishing Lines
17:29 Loom
21:16 Castle Age
22:17 Bow Saw
22:00 Gillnets
25:13 Imperial Age
23:09 Fervor
24:22 Chemistry
24:37 Padded Archer Armor
24:38 Scale Mail Armor
24:00 Pikeman
24:48 Squires
26:31 Leather Archer Armor
26:31 Chain Mail Armor
27:28 Two-Man Saw
27:07 Forging
29:11 Wheelbarrow
28:21 Town Watch
29:24 Ring Archer Armor
29:24 Plate Mail Armor
29:47 Iron Casting
29:47 Ballistics
29:48 Halberdier
31:37 Siege Engineers
33:13 Blast Furnace
32:03 Fletching
32:54 Hand Cart
31:59 Elite Skirmisher
32:43 Arson
32:18 Man-at-Arms
32:55 Bodkin Arrow
33:28 Horse Collar
34:20 Heavy Plow
34:21 Bracer
35:23 Bombard Tower
35:46 Houfnice
37:40 Scale Barding Armor
The Chinese are all stupid
6:15 Loom
10:53 Feudal Age
15:21 Castle Age
13:21 Double-Bit Axe
19:12 Fishing Lines
21:53 Bow Saw
23:07 Wheelbarrow
22:40 Horse Collar
24:30 Hand Cart
24:01 Town Watch
25:04 Scale Mail Armor
25:15 Forging
24:56 Fletching
29:09 Imperial Age
26:42 Treadmill Crane
26:53 Guard Tower
27:38 Bodkin Arrow
27:50 Gold Mining
27:53 Stone Mining
29:03 Iron Casting
28:43 Chain Mail Armor
29:29 Ballistics
29:17 Squires
29:04 Arson
28:43 Pikeman
29:25 Yasama
29:35 Gambesons
30:52 Conscription
31:43 Chemistry
30:53 Bracer
32:09 Two-Man Saw
31:42 Plate Mail Armor
32:37 Blast Furnace
32:33 Keep
32:22 Halberdier
33:43 Kataparuto
34:06 Man-at-Arms
34:42 Long Swordsman
36:32 Padded Archer Armor
36:47 Masonry
37:12 Two-Handed Swordsman
38:55 Leather Archer Armor
39:08 Parthian Tactics
38:04 Heavy Cavalry Archer
Chiripa605
0:55 Loom
12:47 Feudal Age
13:17 Double-Bit Axe
19:09 Castle Age
17:49 Fishing Lines
22:01 Gillnets
22:41 Bow Saw
25:39 Horse Collar
28:35 Scale Mail Armor
33:44 Imperial Age
33:13 Wheelbarrow
eraycoskun33
7:18 Loom
11:02 Feudal Age
14:41 Castle Age
12:57 Double-Bit Axe
16:39 Wheelbarrow
17:01 Horse Collar
18:33 Bow Saw
23:11 Gold Mining
24:38 Stone Mining
26:23 Hand Cart
25:54 Town Watch
26:44 Heavy Plow
29:53 Imperial Age
28:24 Kshatriyas
29:39 Padded Archer Armor
29:52 Forging
29:43 Scale Mail Armor
30:06 Elite Chakram Thrower
31:14 Ballistics
32:19 Iron Casting
32:44 Conscription
33:53 Scale Barding Armor
35:15 Bloodlines
35:05 Husbandry
34:59 Heavy Camel Rider
35:41 Husbandry
36:53 Thumb Ring
37:35 Chain Barding Armor
Erg_Raider
11:24 Feudal Age
15:04 Castle Age
13:21 Double-Bit Axe
13:17 Horse Collar
16:14 Bow Saw
16:06 Heavy Plow
18:03 Fervor
18:18 Loom
20:31 Wheelbarrow
21:48 Hand Cart
25:33 Chemistry
28:16 Imperial Age
27:01 Padded Archer Armor
27:01 Scale Mail Armor
27:12 Forging
26:24 Pikeman
27:31 Wagenburg Tactics
29:27 Leather Archer Armor
31:51 Ring Archer Armor
31:36 Chain Mail Armor
31:57 Iron Casting
31:52 Siege Engineers
32:20 Town Watch
32:27 Fletching
33:00 Ballistics
33:44 Masonry
33:27 Houfnice
Sasha The Bunny
4:46 Loom
11:49 Feudal Age
13:20 Double-Bit Axe
15:52 Castle Age
14:10 Horse Collar
16:55 Bow Saw
18:12 Fishing Lines
19:48 Heavy Plow
20:25 Wheelbarrow
19:35 Town Watch
21:08 Gillnets
23:18 Hand Cart
23:13 Stone Mining
23:57 Fletching
24:08 Scale Mail Armor
24:18 Forging
25:28 Gold Mining
26:05 Squires
25:25 Pikeman
25:51 Arson
26:22 Chain Mail Armor
26:03 Bodkin Arrow
27:26 Gold Shaft Mining
31:34 Imperial Age
30:29 Yasama
30:47 Bloodlines
30:38 Husbandry
31:31 Padded Archer Armor
32:06 Iron Casting
32:14 Halberdier
33:51 Parthian Tactics
34:10 Bracer
35:27 Leather Archer Armor
34:40 Heavy Cavalry Archer
35:32 Thumb Ring
Connection lost

Rejoining the realm…

Still unreachable

The connection could not be restored.

Session expired

The server has moved on; the page needs a fresh start.